 Dungeon Crawl Stone Soup version 0.22-a0-254-gaf95ca0 (webtiles) character file.

3076 SpeedyPerson7 the Cleaver (level 9, 42/82 HPs)
             Began as a Deep Dwarf Fighter on Mar 4, 2018.
             Quit the game on level 7 of the Dungeon.
             The game lasted 00:04:40 (3980 turns).

SpeedyPerson7 the Cleaver (Deep Dwarf Fighter)      Turns: 3980, Time: 00:04:41

Health: 42/82      AC: 14    Str: 23      XL:     9   Next: 58%
Magic:  6/6        EV:  5    Int:  9      God:
Gold:   179        SH: 11    Dex: 11 (12) Spells: 8/8 levels left

rFire    . . .     SeeInvis .   m - +2 hand axe (freeze)
rCold    . . .     Gourm    .   c - +0 shield
rNeg     . . .     Faith    .   A - +0 plate armour (curse)
rPois    .         Spirit   .   (no helmet)
rElec    .         Reflect  .   o - +0 cloak (curse)
rCorr    .         Harm     .   (no gloves)
MR       +....                  (no boots)
Stlth    ..........             (no amulet)
HPRegen  0.00/turn              (no ring)
MPRegen  0.10/turn              (no ring)

@: non-regenerating
A: damage resistance, heal wounds, sense surroundings 2, no regeneration
a: Heal Wounds


You were on level 7 of the Dungeon.
You were not hungry.

You visited 2 branches of the dungeon, and saw 8 of its levels.

You collected 179 gold pieces.

Inventory:

Hand Weapons
 a - a +0 war axe
 m - a +2 hand axe of freezing (weapon)
Missiles
 p - a throwing net (quivered) {!f}
Armour
 b - a +0 scale mail
 c - a +0 shield (worn)
 k - a +0 chain mail
 o - a cursed +0 cloak (worn)
 A - a cursed +0 plate armour (worn)
Jewellery
 q - an uncursed amulet of the acrobat {unknown}
 t - an uncursed ring of ice {unknown}
Wands
 g - a wand of flame (25)
 i - a wand of polymorph (12)
Scrolls
 h - a scroll of blinking {unknown}
 n - 6 scrolls of identify {unknown}
 u - a scroll of teleportation {unknown}
 v - a scroll of amnesia {unknown}
 x - a scroll of immolation {unknown}
 y - a scroll of enchant weapon {unknown}
 C - a scroll of holy word {unknown}
 D - 2 scrolls of remove curse {unknown}
Potions
 d - a potion of might
 f - 2 potions of flight {unknown}
 j - a potion of brilliance {unknown}
 l - 4 potions of mutation {unknown}
 r - a potion of degeneration {unknown}
 s - 3 potions of curing {unknown}
 w - a potion of haste {unknown}
 z - a potion of heal wounds {unknown}
Comestibles
 e - 10 rations


   Skills:
 + Level 6.1 Fighting
 * Level 9.5 Axes
 + Level 7.4 Armour
 + Level 7.3 Shields


You had 8 spell levels left.
You didn't know any spells.

Dungeon Overview and Level Annotations

Branches:
Dungeon (7/15)             Temple (1/1) D:7

Altars:
Cheibriados
Dithmenos
Elyvilon
Fedhas
Gozag
Hepliaklqana
Kikubaaqudgha
Makhleb
Nemelex Xobeh
Okawaru
Qazlal
Ru
Sif Muna
Trog
Uskayaw
Vehumet
Wu Jian
Xom
Yredelemnul
Zin
The Shining One

Shops:
D:4 :((   D:7 }


Innate Abilities, Weirdness & Mutations

You are resistant to damage.
You can heal yourself by infusing magical energy.
You passively map the area around you.
You do not regenerate.


Message History

Unknown command.
Unknown command.
Unknown command.
Unknown command.
Unknown command.
Unknown command.
Unknown command.
(D) Dungeon (T) Temple
Where to? (Enter - Temple, ? - help)
There is a staircase back to the Dungeon here.
You climb upwards.
Welcome back to the Dungeon!
There is a staircase to the Ecumenical Temple here.
e - 10 rations (gained 1) Key pressed, stopping explore.
Done exploring.
Done exploring.
Done exploring.
Done exploring.
Done exploring.
Are you sure you want to abandon this character and quit the game? (Confirm with "yes".)

############
#...@......##########
#.########...........
#.# #######.#### #.#
#.#### #.#
######.#... #.#
#........## #.#
#######.####.#### #.#
#(.....># #..... #.#
#.####..# #.####


There were no monsters in sight!

Vanquished Creatures
  A hornet (D:7)
  Sigmund (D:3)
  A hungry ghost (D:6)
  Edmund (D:5)
  A water moccasin (D:7)
  An orc warrior (D:7)
  A sky beast (D:5)
  3 ice beasts
  A necrophage (D:6)
  4 phantoms
  A centaur (D:6)
  An ogre (D:4)
  A big kobold (D:7)
  3 bullfrogs
  3 scorpions
  An electric eel (D:6)
  2 crimson imps
  A quasit (D:7)
  A bullfrog skeleton (D:5)
  3 hounds
  A centaur skeleton (D:5)
  An orc priest (D:3)
  A jelly (D:7)
  A gnoll shaman (D:7)
  4 worker ants
  Terence (D:2)
  5 orc wizards
  A hound skeleton (D:7)
  A worker ant zombie (D:6)
  6 adders
  10 gnolls
  A howler monkey skeleton (D:7)
  A shadow imp (D:7)
  4 adder skeletons
  3 leopard geckos
  22 orcs
  2 giant cockroaches
  2 hobgoblins
  6 jackals
  7 kobolds
  3 quokkas
  2 bats
  2 frilled lizards
  A rat (D:1)
120 creatures vanquished.

Vanquished Creatures (others)
  An ooze (D:5)
  A leopard gecko (D:5)
2 creatures vanquished.

Grand Total: 122 creatures vanquished

Notes
Turn   | Place    | Note
-------+----------+-------------------------------------------
     0 | D:1      | SpeedyPerson7 the Deep Dwarf Fighter began the quest for the Orb.
     0 | D:1      | Reached XP level 1. HP: 20/20 MP: 1/1
   211 | D:2      | Noticed Terence
   222 | D:2      | Killed Terence
   222 | D:2      | Reached skill level 3 in Axes
   222 | D:2      | Reached XP level 2. HP: 13/27 MP: 2/2
   222 | D:2      | Reached XP level 3. HP: 16/33 MP: 3/3
   374 | D:3      | Reached XP level 4. HP: 19/42 MP: 3/3
   453 | D:3      | Noticed Sigmund
   468 | D:3      | Killed Sigmund
   468 | D:3      | Reached skill level 4 in Axes
   468 | D:3      | Reached XP level 5. HP: 38/49 MP: 4/4
   516 | D:3      | Reached XP level 6. HP: 32/56 MP: 5/5
   558 | D:3      | Found a hide-covered altar of Uskayaw.
   818 | D:4      | Reached skill level 5 in Axes
   882 | D:4      | Found Gaurch's Weapon Emporium.
   960 | D:4      | Found Cil Fapu's Book Shoppe.
  1005 | D:4      | Reached XP level 7. HP: 34/64 MP: 6/6
  1086 | D:4      | Found Faep's Antique Weapon Emporium.
  1103 | D:4      | Reached skill level 5 in Armour
  1349 | D:4      | Reached skill level 5 in Shields
  1411 | D:4      | Found a shimmering altar of Xom.
  1413 | D:4      | Found a shimmering altar of Xom.
  1413 | D:4      | Found an ancient bone altar of Kikubaaqudgha.
  1417 | D:4      | Found a burning altar of Makhleb.
  1417 | D:4      | Found a stormy altar of Qazlal.
  1417 | D:4      | Found an iron altar of Okawaru.
  1503 | D:5      | Entered Level 5 of the Dungeon
  1533 | D:5      | Noticed Edmund
  1551 | D:5      | Killed Edmund
  1551 | D:5      | Reached skill level 6 in Axes
  1636 | D:5      | Found a stormy altar of Qazlal.
  1904 | D:5      | Found an iron altar of Okawaru.
  2036 | D:5      | Reached XP level 8. HP: 36/73 MP: 7/7
  2115 | D:5      | Found a radiant altar of Vehumet.
  2286 | D:6      | Reached skill level 7 in Axes
  2329 | D:6      | Found a snail-covered altar of Cheibriados.
  2331 | D:6      | Found a glowing golden altar of the Shining One.
  2354 | D:6      | Found an opulent altar of Gozag.
  2513 | D:6      | Reached skill level 5 in Fighting
  2790 | D:6      | Reached skill level 8 in Axes
  2799 | D:6      | Found a radiant altar of Vehumet.
  2978 | D:7      | Noticed a hornet
  2996 | D:7      | Killed a hornet
  2996 | D:7      | Gained mutation: You passively map the area around you. [Deep Dwarf growth]
  2996 | D:7      | Reached XP level 9. HP: 46/81 MP: 6/6
  3105 | D:7      | Found Lotuesoa's Gadget Shop.
  3125 | D:7      | Reached skill level 9 in Axes
  3538 | D:7      | Found a staircase to the Ecumenical Temple.
  3737 | Temple   | Entered the Ecumenical Temple
  3980 | D:7      | Quit the game

Vault maps used:
D:1:      eino_arrival_tree_alley
D:2:      first_ration, uniq_jessica, uniq_robin, uniq_terence
D:3:      old_standard_altar, minmay_misc_feat_chi, uniq_sigmund
D:4:      doesnt_xom_only_xom, serial_shops, nicolae_shop_behind_doors,
          nicolae_shop_crystal, shop
D:5:      okawaru_gym_becter, fiery_altar_vehumet, old_standard_altar,
          uniq_edmund
D:6:      nicolae_gozag_seed_capital, grunt_temple_overflow_open, basic_altar,
          minivault_4
D:7:      temple_statues, serial_shops, shop_statue
Temple:   minmay_temple_bridge_abc

Skill      XL: |  1  2  3  4  5  6  7  8  9 |
---------------+----------------------------+-----
Axes           | 3 4 5 6 8 9 |  9.5
Fighting       | 3 4 5 6 |  6.1
Armour         | 4 5 6 7 |  7.4
Shields        | 4 5 6 7 |  7.3

Action                   |  1- 3 |  4- 6 |  7- 9 || total
-------------------------+-------+-------+-------++-------
Melee: War axe           |    75 |    30 |       ||   105
       Hand axe          |       |    66 |   397 ||   463
 Abil: Heal Wounds       |     2 |     3 |    10 ||    15
Evoke: Wand              |       |       |     2 ||     2
  Eat: Chunk             |       |     1 |     6 ||     7
       Ration            |       |       |     3 ||     3
Armor: Scale mail        |    42 |     1 |       ||    43
       Chain mail        |       |    38 |    93 ||   131
       Plate armour      |       |       |    53 ||    53
Dodge: Dodged            |    24 |    24 |    63 ||   111
Block: Shield            |    45 |    64 |   178 ||   287

Table legend:
 A = Spawn XP
 B = Non-spawn XP
 C = Spawn XP percentage of total XP
 D = Spawn monster count
 E = Non-spawn monster count
 F = Spawn count percentage of total count
 G = Total turns spent on level
                    A         B        C        D         E        F      G
               +---------+---------+-------+---------+---------+-------+---------
         Total |       0 |    4395 |   0.0 |       0 |     120 |   0.0 |  3980
               +---------+---------+-------+---------+---------+-------+---------
           D:1 |       0 |       4 |   0.0 |       0 |       3 |   0.0 |    78
           D:2 |       0 |      38 |   0.0 |       0 |       2 |   0.0 |   157
           D:3 |       0 |     407 |   0.0 |       0 |      26 |   0.0 |   461
           D:4 |       0 |     458 |   0.0 |       0 |      18 |   0.0 |   815
           D:5 |       0 |     597 |   0.0 |       0 |      16 |   0.0 |   808
           D:6 |       0 |    1164 |   0.0 |       0 |      15 |   0.0 |   649
           D:7 |       0 |    1727 |   0.0 |       0 |      40 |   0.0 |   817
               +---------+---------+-------+---------+---------+-------+---------
